 Dungeon Crawl Stone Soup version 0.27.1-34-g3ba077fa99 (webtiles) character file.

Game seed: 16619992406219312253

61 backslashecho the Skirmisher (level 3, 0/33 HPs)
             Began as a Minotaur Fighter on Jan 2, 2022.
             Slain by an orc (6 damage)
             ... on level 4 of the Dungeon.
             The game lasted 00:03:54 (1570 turns).

backslashecho the Skirmisher (Minotaur Fighter)     Turns: 1570, Time: 00:03:55

Health: 0/33       AC:  7    Str: 21    XL:     3   Next: 83%
Magic:  2/2        EV:  7    Int:  5    God:
Gold:   53         SH:  9    Dex:  9    Spells: 2/2 levels left

rFire    . . .     SeeInvis .   a - +0 war axe
rCold    . . .     Faith    .   c - +0 kite shield
rNeg     . . .     Spirit   .   b - +0 scale mail
rPois    .         Reflect  .   (helmet restricted)
rElec    .         Harm     .   (no cloak)
rCorr    .         Rampage  .   (no gloves)
Will     .....                  (no boots)
Stlth    ..........             (no amulet)
HPRegen  0.11/turn              (no ring)
MPRegen  0.08/turn              (no ring)

@: no status effects
A: horns 2, retaliatory headbutt
a: no special abilities


You were on level 4 of the Dungeon.
You visited 1 branch of the dungeon, and saw 3 of its levels.

You collected 53 gold pieces.

Inventory:

Hand Weapons
 a - a +0 war axe (weapon)
Missiles
 e - 9 poisoned darts (quivered)
Armour
 b - a +0 scale mail (worn)
 c - a +0 kite shield (worn)
Scrolls
 f - a scroll of fear {unknown}
 g - 2 scrolls of teleportation {unknown}
 h - a scroll of magic mapping {unknown}
 j - 3 scrolls of identify {unknown}
 k - a scroll of amnesia {unknown}
Potions
 d - a potion of might
 i - a potion of resistance {unknown}
 l - a potion of lignification {unknown}


   Skills:
 + Level 4.2 Fighting
 * Level 4.0 Axes
 - Level 4.0 Armour
 - Level 4.0 Shields


You had 2 spell levels left.
You didn't know any spells.
Your spell library was empty.

Dungeon Overview and Level Annotations

Branches:
Dungeon (2/15)

Altars:

Shops:
D:4 [


Innate Abilities, Weirdness & Mutations

You have a pair of horns on your head.
You reflexively headbutt those who attack you in melee.


Message History

You barely miss the orc.
The orc is moderately wounded.
The orc hits you but does no damage.
You are poisoned.
The orc hits you from afar with a +0 trident.
The goblin hits the plant with a +0 club.
The orc barely misses you.
You take 3 damage, and have 27/33 hp.
You feel very sick.
The orc hits the plant with a +0 trident.
You take 3 damage, and have 24/33 hp.
You barely miss the orc.
You feel very sick.
A nearby plant withers and dies.
The orc hits you with a +0 flail.
You take 9 damage, and have 15/33 hp.
MASSIVE DAMAGE!!
You feel sick.
You take 1 damage, and have 14/33 hp.
You feel sick.
You take 1 damage, and have 13/33 hp.
You are too injured to fight recklessly!
You are too injured to fight recklessly!
You are too injured to fight recklessly!
You hit the orc.
The orc is heavily wounded.
You feel sick. You block the orc's attack. x2
You take 2 damage, and have 11/33 hp.
You hit the orc.
The orc is almost dead.
You feel sick. The orc hits you with a +0 war axe.
* * * LOW HITPOINT WARNING * * *
You take 2 damage, and have 9/33 hp.
You feel sick.
You are no longer poisoned.
Okay, then.
You closely miss the orc.
The orc is almost dead.
The orc hits you with a +0 war axe.
* * * LOW HITPOINT WARNING * * *
The orc hits you with a +0 war axe.
You die...

♣.o♣ ### ##)## ..
#oo# #. #o## #.#
#.# .. ##o# #.##..#
#..#B## #..###@#.#
#.....o.# ####.#..#
### #.#.# #.#..##
..### #.#.#
#.....###...###....
####...∩.##.##.....
#.##..##....#...
#.###.# #...... #..
#.## #....>


You could see an orc.

Vanquished Creatures
  Robin (D:4)
  An orc (D:4)
  3 ball pythons
  6 bats (D:1)
  3 endoplasms
  2 giant cockroaches (D:1)
  13 goblins
  6 hobgoblins
  2 kobolds
  A quokka (D:2)
  2 frilled lizards
  2 rats (D:2)
42 creatures vanquished.

Vanquished Creatures (others)
  4 plants (D:4)
4 creatures vanquished.

Grand Total: 46 creatures vanquished

Notes
Turn   | Place    | Note
-------+----------+-------------------------------------------
     0 | D:1      | backslashecho the Minotaur Fighter began the quest for the
                  | Orb.
     0 | D:1      | Reached XP level 1. HP: 19/19 MP: 0/0
   211 | D:1      | Reached XP level 2. HP: 27/27 MP: 1/1
  1195 | D:2      | Reached XP level 3. HP: 33/33 MP: 2/2
  1252 | D:2      | You fall into a shaft and drop 2 floors!
  1252 | D:4      | Noticed Robin
  1283 | D:4      | Killed Robin
  1529 | D:4      | Found Qaithreh's Antique Armour Emporium.
  1570 | D:4      | Slain by an orc

Illustrated notes

Levels and vault maps discovered:
D:1:      lightli_arrival_farm, layout_basic
D:2:      layout_basic, hangedman_decor_growths
D:4:      layout_rooms, serial_shops, shop, shop, shop, kennysheep_little_box,
          serial_bayou_pond_a, serial_bayou_pond_e, uniq_robin, uniq_menkaure

Skill      XL: |  1  2  3 |
---------------+----------+-----
Axes           | 3 4 |  4.0
Armour         | 4 |  4.0
Shields        | 4 |  4.0
Fighting       | 4 |  4.2

Action                   || total
-------------------------++-------
Melee: War axe           ||    92
       Headbutt          ||    11
Armor: Scale mail        ||    50
Dodge: Dodged            ||    33
Block: Kite shield       ||    57
